Map: Arctic Flowers LE

Players

YellowYahoo

  • Race: Terran Terran
  • Spawn Location: 7:00

David

  • Race: Terran Terran
  • Spawn Location: 7:00

Mateo

  • Race: Protoss Protoss
  • League: Silver
  • Spawn Location: 1:00

PREDATOR

  • Race: Terran Terran
  • Spawn Location: 1:00

VOD

Have the link to the VOD?

Description

Time

  • Played on: April 11, 2025, 10:49 a.m.
  • Length: 4:21
Show
View Real Time Build Order
Export as new Build Order

YellowYahoo Terran 

Build Orders: Command Center First 

Get SALT Encoding   

  12  0:00  SCV  
  13  0:13  SCV  
  14  0:18  Supply Depot  
  14  0:27  SCV  
  15  0:39  SCV  
  16  0:51  SCV  
  17  1:03  Command Center  
  17  1:04  SCV  
  18  1:16  SCV  
  19  1:20  Barracks  
  19  1:28  SCV, Refinery  
  20  1:34  Barracks  
  20  1:42  SCV  
  21  1:54  Barracks  
  21  1:56  SCV  
  22  2:08  Marine  
  23  2:14  SCV  
  24  2:17  Orbital Command, Refinery  
  24  2:24  Marine  
  24  2:26  SCV  
  26  2:30  Engineering Bay  
  26  2:32  Marine  
  27  2:47  Marine x2  
  27  2:50  Orbital Command x2  
  29  3:00  Engineering Bay  
  29  3:06  Factory  
  29  3:14  Barracks Reactor  
  29  3:16  Barracks Tech Lab  
  29  3:18  Barracks Reactor  
  29  3:19  SCV  
  30  3:24  SCV  
  31  3:29  Supply Depot  
  31  3:32  SCV  
  32  3:36  SCV  
  32  3:41  Refinery  
Show
View Real Time Build Order
Export as new Build Order

David Terran 

Build Orders: 2 Factory 

Get SALT Encoding   

  12  0:01  SCV  
  13  0:16  Supply Depot  
  13  0:17  SCV  
  14  0:32  Refinery  
  14  0:33  SCV  
  15  0:46  SCV, Barracks  
  16  1:33  Orbital Command  
  16  1:34  Marine  
  17  1:43  Factory  
  17  1:52  Marine  
  18  2:00  SCV  
  19  2:12  Barracks Reactor  
  19  2:42  Supply Depot  
  19  2:43  Command Center  
  19  2:49  SCV, Refinery  
  20  2:58  Marine  
  20  2:59  Marine  
  20  3:02  SCV  
  23  3:09  Factory  
  23  3:11  Factory Tech Lab  
  23  3:18  SCV  
  24  3:30  SCV  
  25  3:43  SCV  
  25  3:47  Hellion  
  28  3:55  SCV  
Show
View Real Time Build Order
Export as new Build Order

Mateo Protoss 

Build Orders:  

Get SALT Encoding   

  12  0:02  Probe  
  13  0:18  Probe  
  14  0:29  Pylon  
  14  0:51  Gateway  
  14  0:53  Gateway  
  14  0:57  Gateway  
  14  1:07  Probe  
  14  1:11  Pylon  
  15  1:16  Probe  
  15  1:25  Probe  
  16  1:31  Forge  
  17  1:38  Zealot  
  19  1:41  Zealot  
  21  1:48  Zealot  
  21  1:52  Probe  
  24  1:57  Assimilator  
  24  2:08  Photon Cannon  
  24  2:13  Zealot  
  26  2:20  Zealot  
  28  2:27  Zealot  
  30  2:38  Pylon  
  30  2:39  Probe  
  31  2:47  Cybernetics Core  
  31  2:56  Probe  
  32  3:05  Pylon  
  32  3:08  Probe  
  33  3:12  Assimilator  
  33  4:07  Probe  
  40  4:20  Pylon  
Show
View Real Time Build Order
Export as new Build Order

PREDATOR Terran 

Build Orders: Command Center First 

Get SALT Encoding   

  12  0:02  SCV  
  13  0:14  SCV  
  14  0:26  SCV  
  15  0:36  Supply Depot  
  15  0:57  SCV  
  16  1:05  Command Center  
  16  1:12  SCV  
  17  1:22  Barracks  
  17  1:24  SCV  
  18  1:36  SCV, Refinery  
  19  1:48  SCV  
  20  2:00  SCV  
  21  2:05  Supply Depot  
  21  2:12  SCV  
  22  2:24  SCV  
  22  2:25  Refinery  
  23  2:32  Engineering Bay  
  23  2:34  SCV  
  23  2:36  SCV, Marine  
  26  2:46  SCV  
  26  2:49  SCV  
  28  2:54  Marine  
  28  2:58  SCV  
  30  3:01  SCV  
  30  3:03  Missile Turret  
  31  3:11  Planetary Fortress  
  31  3:13  SCV  
  32  3:29  Orbital Command  
  32  3:31  Factory  
  32  3:37  Refinery  
  32  3:40  Refinery  
  32  3:53  SCV  
  33  3:57  Command Center  
  33  4:05  SCV  
  33  4:06  SCV  
Tags
 
Add a new tag
Caveats
  • Supply blocks, unpowered buildings, or Contaminate may cause inaccurate times.
  • Supply counts are checked every 10 seconds.